 Dungeon Crawl Stone Soup version 0.19-a0-450-g98b348d (webtiles) character file.

351 Kidiri the Magician (level 6, 0/32 HPs)
             Began as a Deep Elf Fire Elementalist on June 1, 2016.
             Slain by a giant frog (6 damage)
             ... on level 6 of the Dungeon.
             The game lasted 00:10:18 (3021 turns).

Kidiri the Magician (Deep Elf Fire Elementalist)    Turns: 3021, Time: 00:10:19

Health: 0/32       AC:  2    Str:  5    XL:     6   Next: 34%
Magic:  9/16       EV: 12    Int: 22    God:
Gold:   90         SH:  4    Dex: 18    Spells: 5 memorised, 3 levels left

rFire  . . .     SeeInvis .     j - +0 dagger
rCold  . . .     Gourm    .     a - +0 robe
rNeg   . . .     Faith    .     l - +0 buckler
rPois  .         Spirit   .     (no helmet)
rElec  .         Dismiss  .     (no cloak)
rCorr  .         Reflect  .     (no gloves)
SustAt .         Harm     .     (no boots)
MR     .....                    (no amulet)
Stlth  ++........               (no ring)
                                v - +3 ring of dexterity

@: very slightly contaminated, not resistant to hostile enchantments, unstealthy
A: no striking features
a: no special abilities


You were on level 6 of the Dungeon.
You were hungry.

You visited 1 branch of the dungeon, and saw 4 of its levels.

You collected 90 gold pieces.

Inventory:

Hand Weapons
 j - a +0 dagger (weapon)
Armour
 a - a +0 robe (worn)
 l - a +0 buckler (worn)
Jewellery
 v - a +3 ring of dexterity (left hand)
Scrolls
 f - a scroll of amnesia {unknown}
 m - a scroll of noise {unknown}
 n - a scroll of remove curse {unknown}
 p - 2 scrolls of identify {unknown}
 r - a scroll of random uselessness {unknown}
 t - a scroll of teleportation {unknown}
 w - a scroll of vulnerability {unknown}
 x - a scroll of magic mapping {unknown}
 y - a scroll of enchant weapon {unknown}
Potions
 e - 2 potions of berserk rage {unknown}
 g - a potion of magic {unknown}
 h - a potion of cure mutation {unknown}
 i - a potion of heal wounds {unknown}
 o - a potion of invisibility {unknown}
 u - a potion of mutation {unknown}
Books
 b - a book of Flames

   Spells                             Type                      Level
   a - Flame Tongue                   Conjuration/Fire             1
   b - Throw Flame                    Conjuration/Fire             2
   c - Conjure Flame                  Conjuration/Fire             3
   d - Inner Flame                    Hexes/Fire                   3
   e - Sticky Flame                   Conjuration/Fire             4
   f - Fireball                       Conjuration/Fire             5
Comestibles
 c - a bread ration
 d - a beef jerky
 k - 2 royal jellies
 q - a meat ration


   Skills:
 + Level 0.2 Fighting
 + Level 0.2 Short Blades
 + Level 0.2 Armour
 + Level 2.5 Dodging
 - Level 2.4 Stealth
 + Level 0.1 Shields
 + Level 5.5 Spellcasting
 + Level 4.0 Conjurations
 + Level 5.2 Fire Magic


You had 3 spell levels left.
You knew the following spells:

 Your Spells              Type           Power        Failure   Level  Hunger
a - Flame Tongue          Conj/Fire      ####.        1%          1    None
b - Throw Flame           Conj/Fire      ####..       3%          2    None
c - Conjure Flame         Conj/Fire      ####....     10%         3    ##.....
d - Inner Flame           Hex/Fire       ###.....     21%         3    ##.....
e - Sticky Flame          Conj/Fire      ####....     24%         4    ####...


Dungeon Overview and Level Annotations

Branches:
Dungeon (3/15)

Altars:
Ashenzari
Gozag
Zin

Portals:
Ossuary: D:6

Annotations:
D:6 Menkaure


Message History

Casting: Flame Tongue
Confirm with . or Enter, or press ? or * to list all spells.
Aiming: Flame Tongue
Press: ? - help, Shift-Dir - straight line, f/p - giant frog
Aim: a giant frog (almost dead)
The flame tongue hits the giant frog.
The giant frog is almost dead.
The giant frog hits you!
* * * LOW HITPOINT WARNING * * *
Casting: Flame Tongue
Confirm with . or Enter, or press ? or * to list all spells.
Aiming: Sticky Flame
Press: ? - help, Shift-Dir - straight line, f/p - giant frog
Aim: a giant frog (almost dead)
You miscast Sticky Flame.
You are very lightly contaminated with residual magic.
You hear a sizzling sound.
You are feeling hungry.
You block the giant frog's attack. The giant frog hits you.
You die...

..# ....
#'###..#...... ..#
.$...##..# ..#
..... ..# #.......#
.# .... ..#
###..##..##### ..#
##M##..#......# ..#
##.. #........# ..#
... ##.......# ..#
.#####'#####..#####
..# .........MZF@##
...............###
...............#
...............#
...............#
...............#
...............#
...Z...........#


You could see a giant frog, a mummy and a giant frog skeleton.

Vanquished Creatures
  Sigmund (D:2)
  Jessica (D:2)
  An orc wizard (D:6)
  3 adders (D:2)
  3 gnolls (D:2)
  A shadow imp (D:6)
  An adder skeleton (D:6)
  4 worms (D:2)
  2 giant geckos
  3 orcs
  A ball python (D:1)
  4 giant cockroaches
  8 goblins
  9 hobgoblins
  3 jackals (D:1)
  8 bats
  2 giant newts (D:2)
  7 kobolds
  6 rats
68 creatures vanquished.

Notes
Turn   | Place    | Note
--------------------------------------------------------------
     0 | D:1      | Kidiri the Deep Elf Fire Elementalist began the quest for the Orb.
     0 | D:1      | Reached XP level 1. HP: 10/10 MP: 6/6
   205 | D:1      | Reached XP level 2. HP: 15/15 MP: 4/8
   241 | D:1      | Learned a level 2 spell: Throw Flame
   781 | D:1      | Reached XP level 3. HP: 16/19 MP: 5/10
   786 | D:1      | Learned a level 3 spell: Conjure Flame
   790 | D:1      | Learned a level 3 spell: Inner Flame
   950 | D:2      | Found an opulent altar of Gozag.
  1124 | D:2      | Noticed Jessica
  1127 | D:2      | Killed Jessica
  1127 | D:2      | Reached XP level 4. HP: 24/24 MP: 6/12
  1541 | D:2      | Noticed Sigmund
  1552 | D:2      | Killed Sigmund
  1552 | D:2      | Reached skill level 5 in Spellcasting
  1552 | D:2      | Reached skill level 5 in Fire Magic
  1552 | D:2      | Reached XP level 5. HP: 26/28 MP: 5/14
  1639 | D:2      | Reached XP level 6. HP: 13/32 MP: 0/15
  1837 | D:2      | Learned a level 4 spell: Sticky Flame
  2207 | D:2      | Found a shattered altar of Ashenzari.
  2334 | D:2      | Found a glowing silver altar of Zin.
  2592 | D:3      | You fall through a shaft for 3 floors!
  2619 | D:6      | Noticed Menkaure
  3012 | D:6      | Found a sand-covered staircase.
  3021 | D:6      | Slain by a giant frog

Vault maps used:
D:1:      mrwooster_arrival_statue, minmay_ruptured
D:2:      nicolae_overflow_hidden_temple, ashenzari_altar_1,
          grunt_gozag_breadcrumbs, minmay_misc_feat_hallway, interstate_on_off,
          small_statue_intersection, uniq_sigmund, uniq_jessica
D:6:      bloody_makhleb, gup_ossuary_entry_pyramid, uniq_menkaure, uniq_duvessa

Skill      XL: |  1  2  3  4  5  6 |
---------------+-------------------+-----
Conjurations   | 2 3 4 |  4.0
Fire Magic     | 4 5 |  5.2
Spellcasting   | 4 5 |  5.5
Fighting       | |  0.2
Short Blades   | |  0.2
Armour         | |  0.2
Dodging        | |  2.5
Stealth        | |  2.4
Shields        | |  0.1

Action                   |  1- 3 |  4- 6 || total
-------------------------+-------+-------++-------
Melee: Club              |    10 |       ||    10
       Unarmed           |     2 |       ||     2
       Dagger            |     7 |    19 ||    26
 Cast: Flame Tongue      |    39 |    43 ||    82
       Throw Flame       |    14 |    15 ||    29
       Conjure Flame     |       |     4 ||     4
       Inner Flame       |       |     1 ||     1
       Sticky Flame      |       |     2 ||     2
 Stab: Sleeping          |     2 |     4 ||     6
  Eat: Chunk             |     1 |     6 ||     7
Armor: Robe              |    10 |     5 ||    15
Dodge: Dodged            |    31 |    26 ||    57
Block: Buckler           |     2 |     6 ||     8
